[Event "94th Paris-ch  2019"]
[Site "Paris"]
[Date "2019.07.07"]
[Round "1.1"]
[White "Dutreuil, Raphael"]
[Black "Moussard, Jules"]
[Result "0-1"]
[ECO "E60"]
[WhiteElo "2302"]
[BlackElo "2576"]
[Annotator "ChessBase"]
[PlyCount "104"]
[EventDate "2019.07.07"]
[EventType "swiss"]
[EventCountry "FRA"]
[SourceTitle "playchess.com"]
[Source "ChessBase"]
[SourceQuality "1"]
[TimeControl "5400+30"]

1. d4 d6 2. Nf3 g6 3. g3 Bg7 4. Bg2 Nf6 5. O-O O-O 6. c4 Ne4 7. Qc2 f5 8. Nbd2 Nxd2 9. Bxd2 e5 10. dxe5 dxe5 11. Rad1 Qe7 12. e4 Nc6 13. Rfe1 f4 14. gxf4 Bg4 15. f5 gxf5 16. exf5 Qf6 17. Bc3 Bxf5 18. Qd2 Rae8 19. Qg5 Bg6 20. Rd7 Rf7 21. Rxf7 Bxf7 22. Qxf6 Bxf6 23. Nd2 Rd8 24. Bxc6 bxc6 25. Ne4 Bg7 26. b3 Bh5 27. Re3 Rd1+ 28. Kg2 Bg6 29. Ng3 Rd3 30. Rxd3 Bxd3 31. Ba5 Bf8 32. Bxc7 Bb1 33. Ne2 Bxa2 34. Nc1 Bb1 35. Bxe5 Bc2 36. Bb2 Kf7 37. Kf3 Bd6 38. h3 Kg6 39. Ke3 Kg5 40. Kd2 Bf5 41. Ne2 Bxh3 42. Nd4 Bd7 43. Ke3 h5 44. Ke4 Be8 45. Ne6+ Kg4 46. f3+ Kg3 47. f4 h4 48. Nd4 Bg6+ 49. f5 Bh5 50. f6 Bg6+ 51. Ke3 h3 52. f7 h2 0-1

[Event "94th Paris-ch  2019"]
[Site "Paris"]
[Date "2019.07.07"]
[Round "1.2"]
[White "Guliyev, Namig"]
[Black "Fitzsimons, David"]
[Result "1/2-1/2"]
[ECO "B52"]
[WhiteElo "2551"]
[BlackElo "2301"]
[Annotator "ChessBase"]
[PlyCount "81"]
[EventDate "2019.07.07"]
[EventType "swiss"]
[EventCountry "FRA"]
[SourceTitle "playchess.com"]
[Source "ChessBase"]
[SourceQuality "1"]
[TimeControl "5400+30"]

1. e4 c5 2. Nf3 d6 3. Bb5+ Bd7 4. c4 Nf6 5. Nc3 Nc6 6. d4 cxd4 7. Nxd4 g6 8. f3 Bg7 9. Be3 O-O 10. O-O Nxd4 11. Bxd4 Bxb5 12. cxb5 e6 13. Qd2 d5 14. e5 Nd7 15. Rfe1 a6 16. a4 Qa5 17. Qe3 Rfc8 18. f4 Bf8 19. f5 Rc4 20. fxe6 fxe6 21. Kh1 Bg7 22. b3 Bh6 23. Qxh6 Rxd4 24. Qh3 Re8 25. Re3 Rd2 26. Rf1 Qb4 27. Rf7 h5 28. Rxd7 Qxc3 29. Re1 Qxe5 30. Rg1 axb5 31. Rxb7 bxa4 32. bxa4 Rb2 33. Qd3 Rxb7 34. Qxg6+ Rg7 35. Qxe8+ Kh7 36. a5 d4 37. a6 d3 38. Qa4 Ra7 39. h3 Qd5 40. Rd1 e5 41. Re1 1/2-1/2

[Event "94th Paris-ch  2019"]
[Site "Paris"]
[Date "2019.07.07"]
[Round "1.3"]
[White "Tomasi, Albert"]
[Black "Shchekachev, Andrei"]
[Result "1/2-1/2"]
[ECO "A34"]
[WhiteElo "2300"]
[BlackElo "2531"]
[Annotator "ChessBase"]
[PlyCount "79"]
[EventDate "2019.07.07"]
[EventType "swiss"]
[EventCountry "FRA"]
[SourceTitle "playchess.com"]
[Source "ChessBase"]
[SourceQuality "1"]
[TimeControl "5400+30"]

1. e4 c5 2. Nf3 e6 3. d4 cxd4 4. Nxd4 a6 5. c4 b6 6. Nc3 Bb7 7. Be2 Nf6 8. e5 Ne4 9. Nxe4 Bxe4 10. O-O Nc6 11. Nxc6 Bxc6 12. Bd2 Qc7 13. Bc3 Qb7 14. f3 a5 15. a3 Bc5+ 16. Kh1 a4 17. Qe1 h5 18. Qg3 g6 19. Qg5 Be7 20. Qe3 h4 21. Bb4 Rh5 22. h3 Bc5 23. Bxc5 bxc5 24. Rab1 Qc7 25. f4 Rh8 26. Kg1 Qa7 27. Bd1 Rb8 28. Rf2 Kf8 29. Rd2 Qa5 30. Rc1 Kg7 31. Rc3 Rb7 32. Bf3 Bxf3 33. Qxf3 Rhb8 34. Qf2 Qd8 35. Rcd3 Rc7 36. Kh2 Rbb7 37. Qf3 Qh8 38. Qd1 Qh6 39. Rf2 Ra7 40. Qf3 1/2-1/2

[Event "94th Paris-ch  2019"]
[Site "Paris"]
[Date "2019.07.07"]
[Round "1.4"]
[White "Flom, Gabriel"]
[Black "Cotonnec, Melkior"]
[Result "1-0"]
[ECO "D90"]
[WhiteElo "2494"]
[BlackElo "2293"]
[Annotator "ChessBase"]
[PlyCount "76"]
[EventDate "2019.07.07"]
[EventType "swiss"]
[EventCountry "FRA"]
[SourceTitle "playchess.com"]
[Source "ChessBase"]
[SourceQuality "1"]
[TimeControl "5400+30"]

1. d4 Nf6 2. c4 g6 3. Nc3 d5 4. Nf3 Bg7 5. h4 c6 6. Bg5 dxc4 7. e4 b5 8. e5 Nd5 9. h5 gxh5 10. a4 Bg4 11. axb5 Nxc3 12. bxc3 cxb5 13. Qb1 Qd7 14. Qe4 Nc6 15. Ra6 Rc8 16. d5 Nb8 17. Ra2 Rc5 18. Rd2 Qf5 19. Qxf5 Bxf5 20. Be3 Rc7 21. Nd4 Be4 22. Rh4 Bd3 23. Bxd3 cxd3 24. f4 Rxc3 25. Nxb5 Rc1+ 26. Kf2 Rc2 27. Nd4 Rxd2+ 28. Bxd2 Nd7 29. Rxh5 Nb6 30. Nf5 Bf8 31. Ne3 e6 32. d6 f6 33. Kf3 fxe5 34. fxe5 Bg7 35. Ke4 Kf7 36. Kxd3 Kg6 37. g4 Nd7 38. Kd4 Rb8 1-0

[Event "94th Paris-ch  2019"]
[Site "Paris"]
[Date "2019.07.07"]
[Round "1.5"]
[White "O'Sullivan, Thomas"]
[Black "Sochacki, Christophe"]
[Result "1/2-1/2"]
[ECO "E35"]
[WhiteElo "2291"]
[BlackElo "2481"]
[Annotator "ChessBase"]
[PlyCount "172"]
[EventDate "2019.07.07"]
[EventType "swiss"]
[EventCountry "FRA"]
[SourceTitle "playchess.com"]
[Source "ChessBase"]
[SourceQuality "1"]
[TimeControl "5400+30"]

1. d4 Nf6 2. c4 e6 3. Nc3 Bb4 4. Qc2 d5 5. cxd5 exd5 6. Bg5 h6 7. Bh4 c6 8. e3 g5 9. Bg3 Ne4 10. Bd3 O-O 11. Bxe4 dxe4 12. Qxe4 Re8 13. Qd3 Qd5 14. Nge2 Bf5 15. Qd2 Qxg2 16. O-O-O Na6 17. h4 Ba5 18. Rh2 Qf3 19. Ng1 Qg4 20. Bd6 Bg6 21. hxg5 Rad8 22. f3 Qe6 23. Be5 Nb4 24. e4 Nxa2+ 25. Kc2 Bxc3 26. bxc3 Nb4+ 27. cxb4 Qa2+ 28. Kc1 Qa1+ 29. Kc2 Qa4+ 30. Kc1 Rxe5 31. Qa2 Qxa2 32. Rxa2 Rxg5 33. Rxa7 Rb5 34. Ra4 f5 35. e5 Bf7 36. Kc2 b6 37. Ne2 c5 38. d5 cxb4 39. e6 Be8 40. Ra7 Rbxd5 41. Rg1+ Kh8 42. Nf4 Rd4 43. Ng6+ Bxg6 44. Rxg6 Rd2+ 45. Kb3 R2d3+ 46. Kxb4 R8d4+ 47. Kb5 Rb3+ 48. Kc6 Rc3+ 49. Kb5 Rb3+ 50. Kc6 Rc3+ 51. Kxb6 Rb4+ 52. Ka5 Rb1 53. Rxh6+ Kg8 54. Rg6+ Kh8 55. Rh6+ Kg8 56. Rg6+ Kh8 57. Ka4 Rc2 58. Rh6+ Kg8 59. Rg6+ Kh8 60. Rh6+ Kg8 61. Rg6+ Kh8 62. Ka3 Ra1+ 63. Kb3 Rxa7 64. Kxc2 Re7 65. Kd3 Kh7 66. Rf6 Kg7 67. Rxf5 Rxe6 68. Kd4 Re8 69. Re5 Ra8 70. Ke4 Kf6 71. Rb5 Ra4+ 72. Ke3 Ra6 73. Kf4 Ra4+ 74. Kg3 Rc4 75. Ra5 Rb4 76. Ra6+ Kf5 77. Ra5+ Kf6 78. f4 Rb1 79. Re5 Rg1+ 80. Kf3 Rf1+ 81. Kg3 Rg1+ 82. Kf2 Ra1 83. Rd5 Ra3 84. Re5 Rb3 85. Rd5 Ra3 86. Re5 Rb3 1/2-1/2

[Event "94th Paris-ch  2019"]
[Site "Paris"]
[Date "2019.07.07"]
[Round "1.6"]
[White "Abergel, Thal"]
[Black "Le Goff, Ronan"]
[Result "1-0"]
[ECO "A14"]
[WhiteElo "2450"]
[BlackElo "2281"]
[Annotator "ChessBase"]
[PlyCount "79"]
[EventDate "2019.07.07"]
[EventType "swiss"]
[EventCountry "FRA"]
[SourceTitle "playchess.com"]
[Source "ChessBase"]
[SourceQuality "1"]
[TimeControl "5400+30"]

1. Nf3 Nf6 2. c4 e6 3. g3 d5 4. Bg2 Be7 5. O-O O-O 6. b3 d4 7. Bb2 c5 8. e3 Nc6 9. exd4 cxd4 10. Re1 Re8 11. d3 Bf8 12. Ba3 e5 13. Bxf8 Kxf8 14. Na3 Bf5 15. Nc2 a5 16. a3 Qd6 17. Nh4 Bg4 18. Qd2 h6 19. h3 Bd7 20. b4 axb4 21. axb4 Rxa1 22. Rxa1 e4 23. b5 Ne5 24. dxe4 Nxc4 25. Qxd4 Bxb5 26. f4 Qc7 27. Rd1 Ba4 28. Rc1 Rd8 29. Qc3 Qc5+ 30. Kh2 Bxc2 31. Qxc2 b5 32. e5 Nh5 33. Rd1 Qb6 34. Rxd8+ Qxd8 35. Qh7 Ne3 36. Qe4 Qd2 37. Qa8+ Ke7 38. Qa7+ Kd8 39. Qb6+ Ke7 40. Qxe3 1-0

[Event "94th Paris-ch  2019"]
[Site "Paris"]
[Date "2019.07.07"]
[Round "1.7"]
[White "Rahul Srivatshav P"]
[Black "Guilleux, Fabien"]
[Result "0-1"]
[ECO "B30"]
[WhiteElo "2414"]
[BlackElo "2442"]
[Annotator "NA"]
[PlyCount "116"]
[EventDate "2019.07.07"]
[EventType "swiss"]
[EventCountry "FRA"]
[SourceTitle "playchess.com"]
[Source "ChessBase"]
[SourceQuality "1"]
[TimeControl "5400+30"]

1. e4 c5 2. Nf3 Nc6 3. Bb5 e6 4. Bxc6 bxc6 5. O-O Ne7 6. e5 Ng6 7. d3 Be7 8. Nbd2 O-O 9. Re1 Rb8 10. Rb1 f6 11. exf6 gxf6 12. Nb3 e5 13. Bh6 Rf7 14. c3 d6 15. Nbd2 Be6 16. Qa4 Qd7 17. Nf1 Kh8 18. Ng3 Bd5 19. Nd2 f5 20. c4 Be6 21. b4 cxb4 22. Rxb4 Rxb4 23. Qxb4 Bf8 24. Bxf8 Rxf8 25. d4 c5 26. dxc5 dxc5 27. Qc3 Qd4 28. Qc2 e4 29. Nb3 Qe5 30. Ne2 Rg8 31. Kh1 Nh4 32. Ng3 Rd8 33. Qe2 Ng6 34. Nh5 f4 35. Rd1 Rxd1+ 36. Qxd1 e3 37. Qd8+ Bg8 38. fxe3 fxe3 39. Nc1 Qa1 40. Qd1 Bxc4 41. Qe1 Qd4 42. h3 Qd2 43. Qg1 e2 44. Nxe2 Qxe2 45. Qxc5 Qe1+ 46. Kh2 Qe5+ 47. Qxe5+ Nxe5 48. a3 Bb3 49. Kg3 Nc4 50. Kf4 Nxa3 51. Ke4 Nc2 52. Kd3 a5 53. Kc3 a4 54. g4 Ne3 55. g5 Bf7 56. Ng3 a3 57. Ne4 a2 58. Kb2 Nc2 0-1

[Event "94th Paris-ch  2019"]
[Site "Paris"]
[Date "2019.07.07"]
[Round "1.8"]
[White "Bharath Subramaniyam H"]
[Black "Jeet, Jain"]
[Result "1-0"]
[ECO "C77"]
[WhiteElo "2405"]
[BlackElo "2258"]
[Annotator "NA"]
[PlyCount "162"]
[EventDate "2019.07.07"]
[EventType "swiss"]
[EventCountry "FRA"]
[SourceTitle "playchess.com"]
[Source "ChessBase"]
[SourceQuality "1"]
[TimeControl "5400+30"]

1. e4 e5 2. Nf3 Nc6 3. Bb5 a6 4. Ba4 Nf6 5. Qe2 b5 6. Bb3 Bc5 7. d3 d6 8. c3 h6 9. h3 Bb6 10. Nbd2 Na5 11. Bc2 c5 12. Nf1 Nc6 13. Ng3 Be6 14. O-O Ne7 15. Rd1 Ng6 16. d4 Qc7 17. Nf5 O-O 18. Nxd6 cxd4 19. cxd4 exd4 20. e5 Nxe5 21. Qxe5 Qxc2 22. Bxh6 Qg6 23. Bg5 Nd7 24. Qg3 Bc5 25. Bf4 Nb6 26. Nxd4 Qxg3 27. Bxg3 Bxd4 28. Rxd4 Nc4 29. b3 Nxd6 30. Rxd6 a5 31. Rb6 a4 32. Rb1 axb3 33. axb3 Bf5 34. Rc1 Bd3 35. Rc3 Rfd8 36. Kh2 Rac8 37. Rbc6 Rxc6 38. Rxc6 Be4 39. Rb6 Rd5 40. Rb8+ Kh7 41. Rb7 Kg8 42. Rb6 Bc2 43. b4 Bb3 44. Bd6 Bc4 45. Bc5 Rd3 46. h4 Kh7 47. h5 Rd5 48. g4 Be2 49. Kg3 Rd3+ 50. Be3 Rd1 51. f3 Rb1 52. g5 Bd3 53. g6+ fxg6 54. hxg6+ Bxg6 55. Rxb5 Rb3 56. Kf4 Bd3 57. Rb7 Be2 58. Ke4 Kg8 59. f4 g6 60. Rb6 Kf7 61. Bd4 Bd3+ 62. Kd5 Rb1 63. Rb7+ Ke8 64. Ke6 Bf5+ 65. Kd6 Bd3 66. Be3 Re1 67. Re7+ Kf8 68. Re5 Rb1 69. Kc6 Kf7 70. b5 Be2 71. b6 Bf3+ 72. Kd6 Rb4 73. Kc7 Kf6 74. Rc5 Re4 75. Rc6+ Kf5 76. b7 Re7+ 77. Kb6 Bxc6 78. b8=Q Rb7+ 79. Qxb7 Bxb7 80. Kxb7 Ke4 81. Bc1 Kd5 1-0

[Event "94th Paris-ch  2019"]
[Site "Paris"]
[Date "2019.07.07"]
[Round "1.9"]
[White "Ojas Kulkarni"]
[Black "Akshat, Khamparia"]
[Result "1/2-1/2"]
[ECO "E72"]
[WhiteElo "2251"]
[BlackElo "2398"]
[Annotator "NA"]
[PlyCount "30"]
[EventDate "2019.07.07"]
[EventType "swiss"]
[EventCountry "FRA"]
[SourceTitle "playchess.com"]
[Source "ChessBase"]
[SourceQuality "1"]
[TimeControl "5400+30"]

1. c4 d6 2. g3 g6 3. Bg2 Bg7 4. Nc3 Nf6 5. e4 O-O 6. Nge2 c6 7. O-O a6 8. d4 Nfd7 9. Be3 b5 10. c5 a5 11. cxd6 exd6 12. e5 b4 13. Ne4 dxe5 14. dxe5 Ba6 15. f4 Nxe5 1/2-1/2

[Event "94th Paris-ch  2019"]
[Site "Paris"]
[Date "2019.07.07"]
[Round "1.10"]
[White "Verstraeten, Rein"]
[Black "Hingouet, Matthieu"]
[Result "1-0"]
[ECO "E04"]
[WhiteElo "2376"]
[BlackElo "2245"]
[Annotator "NA"]
[PlyCount "137"]
[EventDate "2019.07.07"]
[EventType "swiss"]
[EventCountry "FRA"]
[SourceTitle "playchess.com"]
[Source "ChessBase"]
[SourceQuality "1"]
[TimeControl "5400+30"]

1. d4 Nf6 2. c4 e6 3. Nf3 d5 4. g3 dxc4 5. Bg2 c5 6. O-O Nc6 7. dxc5 Qxd1 8. Rxd1 Bxc5 9. Nbd2 c3 10. bxc3 O-O 11. Nb3 Be7 12. Nfd4 Bd7 13. Nxc6 Bxc6 14. Bxc6 bxc6 15. c4 Ne4 16. Bb2 a5 17. f3 Nc5 18. Be5 Nxb3 19. axb3 Bf6 20. Bxf6 gxf6 21. Kf2 Rfb8 22. Rd3 Rb4 23. Ra3 a4 24. Ke3 c5 25. g4 Kg7 26. h4 h6 27. h5 Ra7 28. Rxa4 Raxa4 29. bxa4 Rxa4 30. Rc3 f5 31. gxf5 exf5 32. Kd3 Ra1 33. Rb3 Rd1+ 34. Kc3 Rd6 35. Rb5 Rc6 36. f4 Kf6 37. e3 Ke7 38. Rb7+ Ke6 39. Rb8 Ke7 40. Rb7+ Ke6 41. Kb3 Rd6 42. Kc2 Rc6 43. Kc3 Kf6 44. Rd7 Ke6 45. Rd8 Ke7 46. Rd5 Kf6 47. Re5 Rc7 48. Kb3 Rb7+ 49. Kc2 Rc7 50. Kd3 Rc6 51. Ke2 Rc7 52. Kf2 Rc8 53. Kf3 Rc6 54. Re8 Rc7 55. Rh8 Kg7 56. Rd8 Rc6 57. Rd5 Kf6 58. Re5 Rc8 59. e4 fxe4+ 60. Kxe4 Rc6 61. Kd5 Rc8 62. Kd6 Rd8+ 63. Kxc5 Rd1 64. Rd5 Rf1 65. Kd6 Rxf4 66. c5 Re4 67. c6 Re6+ 68. Kd7 Re7+ 69. Kd8 1-0

[Event "94th Paris-ch  2019"]
[Site "Paris"]
[Date "2019.07.07"]
[Round "1.11"]
[White "Le Quang, Kim"]
[Black "Anand Nadar"]
[Result "1-0"]
[ECO "A25"]
[WhiteElo "2243"]
[BlackElo "2358"]
[Annotator "NA"]
[PlyCount "119"]
[EventDate "2019.07.07"]
[EventType "swiss"]
[EventCountry "FRA"]
[SourceTitle "playchess.com"]
[Source "ChessBase"]
[SourceQuality "1"]
[TimeControl "5400+30"]

1. c4 e5 2. g3 Nc6 3. Nc3 Bc5 4. Bg2 d6 5. e3 a6 6. Nge2 Ba7 7. b3 h5 8. h4 Bg4 9. Bb2 Qd7 10. d3 Nf6 11. Qd2 O-O-O 12. O-O-O Kb8 13. Kb1 Ne7 14. f3 Bf5 15. e4 Bh7 16. Bh3 Qe8 17. Ka1 Nd7 18. d4 f5 19. Rhe1 Qf7 20. Rf1 Nc6 21. dxe5 Ndxe5 22. Nd5 Rhe8 23. Qg5 fxe4 24. fxe4 Qg8 25. Nef4 Bxe4 26. Qxh5 a5 27. Qe2 Bh7 28. Qd2 a4 29. h5 axb3 30. axb3 Nd7 31. Bxd7 Rxd7 32. h6 Ne5 33. hxg7 Qxg7 34. Nh5 Qg6 35. Nhf6 Rdd8 36. Nxe8 Rxe8 37. Nf6 Rc8 38. Ka2 Ng4 39. Nxh7 Qxh7 40. Rde1 Bb6 41. Qf4 Rg8 42. Qf7 Qxf7 43. Rxf7 Ne5 44. Bxe5 dxe5 45. Rxe5 Rxg3 46. c5 Ba5 47. Re4 Rg2+ 48. Ka3 Rg3 49. Ka4 Bc3 50. Re8+ Ka7 51. Rxc7 Rg4+ 52. Ka3 Rg1 53. b4 Rg3 54. Ka2 Rg2+ 55. Kb3 Rg3 56. Kc4 Bd2 57. Ree7 Rg4+ 58. Kd3 Bxb4 59. Rxb7+ Ka6 60. Rb6+ 1-0

[Event "94th Paris-ch  2019"]
[Site "Paris"]
[Date "2019.07.07"]
[Round "1.12"]
[White "Stephan, Victor"]
[Black "Chalmeta Ugas, Ramon"]
[Result "0-1"]
[ECO "D85"]
[WhiteElo "2358"]
[BlackElo "2232"]
[Annotator "NA"]
[PlyCount "147"]
[EventDate "2019.07.07"]
[EventType "swiss"]
[EventCountry "FRA"]
[SourceTitle "playchess.com"]
[Source "ChessBase"]
[SourceQuality "1"]
[TimeControl "5400+30"]

1. d4 Nf6 2. c4 g6 3. Nc3 d5 4. Nf3 Bg7 5. cxd5 Nxd5 6. e4 Nxc3 7. bxc3 c5 8. h3 Nc6 9. Be3 Qa5 10. Bd2 O-O 11. Be2 Qc7 12. Rc1 b6 13. O-O Bb7 14. d5 Ne5 15. Nxe5 Qxe5 16. Bd3 c4 17. Bb1 f5 18. Re1 fxe4 19. Bxe4 Qd6 20. Bg5 b5 21. Qg4 Rae8 22. Qg3 Be5 23. Qe3 a6 24. g3 Bg7 25. Bg2 Bf6 26. Bh6 Bg7 27. Bf4 Qd7 28. Qc5 Rf5 29. Be4 Rf7 30. Qc7 e5 31. Qxd7 Rxd7 32. Bg5 Bxd5 33. Rcd1 Be6 34. Rxd7 Bxd7 35. g4 Bf8 36. Rd1 Be6 37. Bd8 Bf7 38. Ba5 Bc5 39. Bb7 Rb8 40. Bxa6 Ra8 41. Rd8+ Rxd8 42. Bxd8 b4 43. cxb4 Bxb4 44. Bf6 c3 45. Bxe5 Bxa2 46. Bf4 Ba3 47. Bd3 Bb3 48. h4 c2 49. h5 Kf7 50. Kg2 c1=Q 51. Bxc1 Bxc1 52. Kg3 Kg7 53. hxg6 hxg6 54. f4 Ba4 55. Be4 Bd7 56. Kf3 Bd2 57. Bd5 Kf6 58. Be4 Be8 59. Kg3 Ke7 60. Kf3 Kd6 61. Kg3 Be1+ 62. Kh3 Kc5 63. Bb1 Kd4 64. g5 Ke3 65. Kg4 Bd7+ 66. f5 Bb4 67. Bc2 Kd4 68. Kf3 gxf5 69. g6 Bf8 70. Kf4 Bh6+ 71. Kg3 Ke5 72. Kh4 Kf6 73. Kh5 Bg7 74. Kh4 0-1

[Event "94th Paris-ch  2019"]
[Site "Paris"]
[Date "2019.07.07"]
[Round "1.13"]
[White "French, Max"]
[Black "Vardaan Nagpal"]
[Result "1/2-1/2"]
[ECO "E23"]
[WhiteElo "2232"]
[BlackElo "2355"]
[Annotator "NA"]
[PlyCount "211"]
[EventDate "2019.07.07"]
[EventType "swiss"]
[EventCountry "FRA"]
[SourceTitle "playchess.com"]
[Source "ChessBase"]
[SourceQuality "1"]
[TimeControl "5400+30"]

1. d4 Nf6 2. c4 e6 3. Nc3 Bb4 4. Qb3 c5 5. dxc5 Nc6 6. Bg5 Qa5 7. Bxf6 gxf6 8. Nf3 Bxc3+ 9. Qxc3 Qxc3+ 10. bxc3 b6 11. cxb6 axb6 12. e3 Ke7 13. Be2 Ba6 14. Rb1 Na5 15. Rxb6 Bxc4 16. Nd2 Bxa2 17. O-O Rhb8 18. Rb5 Rxb5 19. Bxb5 Rb8 20. Ra1 Rxb5 21. Rxa2 Nc4 22. Kf1 Ne5 23. Ke2 f5 24. Nf3 Ng4 25. c4 Rb4 26. Rc2 Nf6 27. Ne1 Rb8 28. Nd3 Rg8 29. g3 Rc8 30. c5 Nd5 31. Rc4 Kf6 32. Kf3 Ne7 33. Rh4 Kg7 34. Rd4 Rc7 35. e4 fxe4+ 36. Kxe4 Nc6 37. Ra4 Rc8 38. Ke3 f5 39. g4 Rf8 40. gxf5 Rxf5 41. Rg4+ Kf6 42. Rf4 Kg5 43. h4+ Kg6 44. Rg4+ Kh6 45. Rf4 Rd5 46. Re4 Kg7 47. f3 Kf7 48. Rf4+ Ke7 49. Re4 h6 50. Rc4 Kd8 51. Ke4 Kc7 52. Ke3 Ne5 53. Nxe5 Rxe5+ 54. Kf4 Rf5+ 55. Ke4 Kc6 56. f4 Rh5 57. Rc1 Rxh4 58. Rc2 Rh5 59. Ra2 Rxc5 60. Ra6+ Kc7 61. Ra8 Kd6 62. Rh8 h5 63. Rh7 Kc6 64. Rh6 Rf5 65. Rg6 d5+ 66. Ke3 Kd6 67. Rh6 Ke7 68. Rh7+ Kd6 69. Rh6 Kd7 70. Rh7+ Kc6 71. Rh6 Kd6 72. Rg6 d4+ 73. Kxd4 Rxf4+ 74. Ke3 Ra4 75. Rg5 h4 76. Rh5 Ke7 77. Kf3 Kf6 78. Rh6+ Kf5 79. Rh5+ Kg6 80. Re5 Kf6 81. Rh5 e5 82. Ke3 Rb4 83. Rh8 Kf5 84. Rh5+ Ke6 85. Rh8 Ra4 86. Kf3 Rf4+ 87. Ke3 Kf5 88. Rh5+ Kf6 89. Rh8 Kg6 90. Rg8+ Kh7 91. Rg5 Kh6 92. Rxe5 Rf6 93. Re8 Kh5 94. Rh8+ Kg4 95. Rg8+ Kh3 96. Ke2 Kh2 97. Rg7 h3 98. Rg8 Kh1 99. Rg7 Ra6 100. Kf2 Ra2+ 101. Kf1 Rg2 102. Rh7 Kh2 103. Rh8 Rg7 104. Rf8 Rg2 105. Rh8 Rg4 106. Rf8 1/2-1/2

[Event "94th Paris-ch  2019"]
[Site "Paris"]
[Date "2019.07.07"]
[Round "1.14"]
[White "Philippe, Guillaume"]
[Black "Lux, Hugo de Melo"]
[Result "1-0"]
[ECO "A03"]
[WhiteElo "2344"]
[BlackElo "2231"]
[Annotator "NA"]
[PlyCount "77"]
[EventDate "2019.07.07"]
[EventType "swiss"]
[EventCountry "FRA"]
[SourceTitle "playchess.com"]
[Source "ChessBase"]
[SourceQuality "1"]
[TimeControl "5400+30"]

1. f4 Nf6 2. Nf3 b6 3. g3 Bb7 4. Bg2 g6 5. d3 d5 6. O-O Bg7 7. a4 O-O 8. c3 Nbd7 9. a5 Qc8 10. Na3 c5 11. h3 Re8 12. g4 Bc6 13. Nc2 Qb7 14. Qe1 e5 15. fxe5 Nxe5 16. Qh4 Nxf3+ 17. Bxf3 Nd7 18. axb6 axb6 19. Rxa8 Qxa8 20. Bh6 Bh8 21. Qf2 Re7 22. Bg5 f6 23. Bf4 Ne5 24. Bg2 Qe8 25. b4 Nd7 26. Bf3 f5 27. c4 Qf7 28. Qg2 Ne5 29. Bxd5 Bxd5 30. cxd5 Rd7 31. bxc5 bxc5 32. Ne3 Qe8 33. gxf5 Bf6 34. Bxe5 Bxe5 35. Ng4 Rg7 36. f6 Rf7 37. Nh6+ Kh8 38. Nxf7+ Qxf7 39. Qf3 1-0

[Event "94th Paris-ch  2019"]
[Site "Paris"]
[Date "2019.07.07"]
[Round "1.15"]
[White "Samoun, Florent"]
[Black "Eden, James"]
[Result "1-0"]
[ECO "C27"]
[WhiteElo "2230"]
[BlackElo "2343"]
[Annotator "NA"]
[PlyCount "109"]
[EventDate "2019.07.07"]
[EventType "swiss"]
[EventCountry "FRA"]
[SourceTitle "playchess.com"]
[Source "ChessBase"]
[SourceQuality "1"]
[TimeControl "5400+30"]

1. e4 e5 2. Nc3 Nf6 3. Bc4 c6 4. d4 Bb4 5. dxe5 Nxe4 6. Qf3 d5 7. exd6 Nxd6 8. Bd3 O-O 9. Nge2 Bxc3+ 10. Nxc3 Re8+ 11. Be3 Nd7 12. O-O-O Ne5 13. Qg3 Qf6 14. Bg5 Qe6 15. Rhe1 Nxd3+ 16. Qxd3 Qxe1 17. Rxe1 Rxe1+ 18. Nd1 Re6 19. Ne3 b6 20. Bf4 Ne8 21. g4 h6 22. h4 Nf6 23. g5 hxg5 24. hxg5 Nd7 25. Nf5 Ne5 26. Ne7+ Rxe7 27. Qd8+ Kh7 28. Qxe7 Ng6 29. Qxf7 Bg4 30. Be3 Rd8 31. b3 Rd7 32. Qc4 Bf3 33. Kb2 Bd5 34. Qg4 Nf8 35. c4 Bf7 36. Qe4+ Bg6 37. Qh1+ Kg8 38. Qxc6 Rf7 39. a4 Kh7 40. c5 bxc5 41. Bxc5 a5 42. Qh1+ Kg8 43. Qd5 Kh7 44. Qxf7 Bxf7 45. Bxf8 Kg6 46. Be7 Kf5 47. Kc3 g6 48. Bd8 Be8 49. Bxa5 Ke5 50. Kb4 Kd5 51. Bd8 Kc6 52. Ka5 Kb7 53. b4 Bd7 54. b5 Bf5 55. Bf6 1-0

[Event "94th Paris-ch  2019"]
[Site "Paris"]
[Date "2019.07.07"]
[Round "1.16"]
[White "Shirazi, Kamran"]
[Black "Moksh Amit Doshi"]
[Result "0-1"]
[ECO "D03"]
[WhiteElo "2343"]
[BlackElo "2229"]
[Annotator "NA"]
[PlyCount "128"]
[EventDate "2019.07.07"]
[EventType "swiss"]
[EventCountry "FRA"]
[SourceTitle "playchess.com"]
[Source "ChessBase"]
[SourceQuality "1"]
[TimeControl "5400+30"]

1. d4 Nf6 2. Bg5 d5 3. c3 e6 4. e3 c5 5. Nd2 Nbd7 6. Bd3 Be7 7. f4 b6 8. Ngf3 Bb7 9. O-O Ne4 10. Ne5 O-O 11. Bxe7 Qxe7 12. Qc2 Nxd2 13. Qxd2 Nxe5 14. fxe5 f6 15. exf6 Rxf6 16. Rxf6 Qxf6 17. Rf1 Qe7 18. Qf2 c4 19. Bc2 g6 20. Qg3 Rf8 21. Rxf8+ Qxf8 22. Qc7 Qc8 23. Qe7 a6 24. h4 Bc6 25. h5 Be8 26. h6 Bf7 27. g4 Qf8 28. Qg5 b5 29. e4 b4 30. cxb4 Qxb4 31. Qd8+ Qf8 32. Qxf8+ Kxf8 33. e5 Be8 34. Kf2 Ke7 35. Ke3 Kd8 36. Kd2 Kc7 37. Kc3 Kb6 38. Kb4 a5+ 39. Ka3 Kb7 40. b3 cxb3 41. axb3 Kb6 42. b4 Ka6 43. bxa5 Kxa5 44. g5 Bf7 45. Ba4 Bg8 46. Be8 Kb6 47. Kb4 Kc7 48. Kc5 Kd8 49. Bxg6 hxg6 50. Kd6 Ke8 51. h7 Bxh7 52. Kxe6 Bg8+ 53. Kf6 Bf7 54. e6 Bg8 55. Kxg6 Ke7 56. Kf5 Bxe6+ 57. Ke5 Bg8 58. Kf5 Kf7 59. Ke5 Kg6 60. Kf4 Bf7 61. Kg4 Be6+ 62. Kf4 Bf5 63. Ke5 Be4 64. Kf4 Kh5 0-1

[Event "94th Paris-ch  2019"]
[Site "Paris"]
[Date "2019.07.07"]
[Round "1.17"]
[White "Albaric, Etienne"]
[Black "Bonte, Andrei-Mihai"]
[Result "0-1"]
[ECO "B76"]
[WhiteElo "2225"]
[BlackElo "2337"]
[Annotator "NA"]
[PlyCount "76"]
[EventDate "2019.07.07"]
[EventType "swiss"]
[EventCountry "FRA"]
[SourceTitle "playchess.com"]
[Source "ChessBase"]
[SourceQuality "1"]
[TimeControl "5400+30"]

1. e4 c5 2. Nf3 d6 3. d4 cxd4 4. Nxd4 Nf6 5. Nc3 g6 6. f3 Bg7 7. Be3 O-O 8. Qd2 Nc6 9. O-O-O d5 10. Nxc6 bxc6 11. exd5 Nxd5 12. Nxd5 cxd5 13. Qxd5 Qc7 14. Qc5 Qb7 15. Qa3 Bf5 16. Bd3 Rab8 17. b3 Qc6 18. Bxf5 Qc3 19. Bd3 Rbc8 20. Rhf1 Rfd8 21. Rf2 Rxd3 22. Rxd3 Qxd3 23. Qxe7 Qc3 24. Kd1 Qa1+ 25. Kd2 Bf6 26. Qd7 Rd8 27. Qxd8+ Bxd8 28. Kd3 Qxa2 29. Bd4 Bb6 30. Re2 Qa6+ 31. c4 Bxd4 32. Kxd4 Qd6+ 33. Kc3 Qxh2 34. c5 Qg1 35. b4 a5 36. c6 Qb6 37. bxa5 Qxa5+ 38. Kd4 Qb6+ 0-1

[Event "94th Paris-ch  2019"]
[Site "Paris"]
[Date "2019.07.07"]
[Round "1.18"]
[White "Manoeuvre, Antoine"]
[Black "Gervasio, Ricardo"]
[Result "0-1"]
[ECO "E35"]
[WhiteElo "2325"]
[BlackElo "2223"]
[Annotator "NA"]
[PlyCount "66"]
[EventDate "2019.07.07"]
[EventType "swiss"]
[EventCountry "FRA"]
[SourceTitle "playchess.com"]
[Source "ChessBase"]
[SourceQuality "1"]
[TimeControl "5400+30"]

1. d4 Nf6 2. c4 e6 3. Nc3 Bb4 4. Qc2 d5 5. cxd5 exd5 6. Bg5 Qd6 7. e3 Ne4 8. Bf4 Qc6 9. Rc1 Bf5 10. Qb3 Bxc3+ 11. bxc3 a6 12. f3 Nf6 13. Ne2 Bd3 14. Ng3 Bxf1 15. Rxf1 O-O 16. c4 b5 17. c5 Re8 18. Kf2 Qd7 19. a4 Nc6 20. axb5 axb5 21. Ra1 h6 22. h4 Na5 23. Qc3 Nc4 24. Rxa8 Rxa8 25. Ra1 Ra4 26. Rxa4 bxa4 27. Qb4 a3 28. Qb8+ Qe8 29. Qxc7 Qa8 30. Bxh6 a2 31. Bxg7 Ne8 32. Qe7 Nxg7 33. Qg5 f6 0-1